 Dungeon Crawl Stone Soup version 0.22.1-6-g1668fe2 (webtiles) character file.

76 redwoodhats the Ruffian (level 4, -7/35 HPs)
             Began as a Centaur Transmuter on Jan 28, 2019.
             Mangled by a worm (9 damage)
             ... on level 2 of the Dungeon.
             The game lasted 00:09:03 (2523 turns).

redwoodhats the Ruffian (Centaur Transmuter)        Turns: 2523, Time: 00:09:03

Health: -7/35      AC:  5    Str: 15    XL:     4   Next: 12%
Magic:  6/7        EV: 10    Int: 15    God:
Gold:   83         SH:  0    Dex:  9    Spells: 6/7 levels left

rFire    . . .     SeeInvis .     - Unarmed
rCold    . . .     Gourm    .   (no shield)
rNeg     . . .     Faith    .   b - +1 robe
rPois    .         Spirit   .   (no helmet)
rElec    .         Reflect  .   n - scarf {cloud immunity}
rCorr    .         Harm     .   (no gloves)
MR       .....     Rnd*Tele +   (no barding)
Stlth    +.........             (no amulet)
HPRegen  0.11/turn              h - ring of wizardry
MPRegen  0.10/turn              (no ring)

@: lethally poisoned (-7 -> -9), appendage (expiring), very quick
A: large, hooves 3, horns 2, clever 1, deformed body, speed 2, strong 1,
teleportitis 1, tough skin 3
a: End Transformation


You were on level 2 of the Dungeon.
You were not hungry.
You had grown temporary horns.
You visited 1 branch of the dungeon, and saw 2 of its levels.

You collected 83 gold pieces.

Inventory:

Hand Weapons
 f - a +0 short sword
 l - a +0 hunting sling
 o - a +0 club
Missiles
 a - 34 arrows
 e - 2 javelins (quivered)
 j - 16 bolts
 k - 31 stones
Armour
 b - a +1 robe (worn)
 n - a scarf of cloud immunity (worn)
Jewellery
 h - a ring of wizardry (left hand)
Scrolls
 m - 3 scrolls of teleportation {unknown}
 p - a scroll of amnesia {unknown}
 r - a scroll of blinking
Potions
 i - 2 potions of lignification
 q - a potion of brilliance {unknown}
Comestibles
 c - a ration


   Skills:
 + Level 1.0 Fighting
 + Level 0.2 Slings
 + Level 1.7 Dodging
 + Level 3.7 Unarmed Combat
 + Level 2.1 Spellcasting
 + Level 2.5 Transmutations


You had 6 spell levels left.
You knew the following spells:

 Your Spells              Type           Power        Failure   Level  Hunger
a - Beastly Appendage     Tmut           #.....       3%          1    #......

Your spell library contained the following spells:

 Spells                   Type           Power        Failure   Level  Hunger
 Sticks to Snakes         Tmut           #.......     4%          2    ###....
 Spider Form              Tmut/Pois      #.........   16%         3    ###....
 Ice Form                 Ice/Tmut       #.......     45%         4    #####..
 Blade Hands              Tmut           #.........   61%         5    ######.


Dungeon Overview and Level Annotations

Branches:
Dungeon (2/15)

Altars:


Innate Abilities, Weirdness & Mutations

You have hooves in place of feet.
Armour fits poorly on your strangely shaped body.
You cover ground very quickly.
You have extremely tough skin. (AC +3)
You have a pair of horns on your head.
Your mind is acute. (Int +2)
Your muscles are strong. (Str +2)
You are occasionally teleported next to monsters.


Message History

You feel sick. The worker ant bites you.
You barely miss the worm. You headbutt the worm.
The worm is moderately wounded.
The worker ant bites you but does no damage.
The worm barely misses you.
You hit the worm. Your kick misses the worm.
The worm is moderately wounded.
The worker ant misses you.
You hit the worm but do no damage. Your kick misses the worm.
The worm is moderately wounded.
Your transformation is almost over.
You feel sick. The worker ant bites you.
* * * LOW HITPOINT WARNING * * *
The worm bites you!
* * * LOW HITPOINT WARNING * * *
It was a potion of mutation.
You feel extremely strange.
You feel stronger.
You feel weirdly uncertain.
You feel clever. The worker ant barely misses you. The worker ant misses you.
The worm bites you!
You die...

......#.....#....####
.....#####.........#
.....#####.........#.. (
......................(#
.....###.........####.
......#..........<.((.
...........#†..#(.(###
..........#..#.#.a..###
###........†....@w(...#
#...................#
.(...>..............#.
.........†............
.#...#................
...................###
###...................
...................#
##.................##


You could see a worm and a worker ant.

Vanquished Creatures
  2 adders (D:2)
  An ooze (D:1)
  2 dart slugs (D:1)
  5 bats
  3 giant cockroaches
  5 hobgoblins
  3 jackals (D:2)
  6 kobolds (D:1)
  A ball python (D:2)
  4 frilled lizards
  7 goblins
  12 rats
51 creatures vanquished.

Notes
Turn   | Place    | Note
-------+----------+-------------------------------------------
     0 | D:1      | redwoodhats the Centaur Transmuter began the quest for the
                  | Orb.
     0 | D:1      | Reached XP level 1. HP: 16/16 MP: 3/3
   236 | D:1      | Reached XP level 2. HP: 8/23 MP: 2/4
   808 | D:1      | Reached XP level 3. HP: 15/28 MP: 4/6
  2439 | D:2      | Reached XP level 4. HP: 20/35 MP: 5/7
  2523 | D:2      | Gained mutation: Your muscles are strong. (Str +2) [potion
                  | of mutation]
  2523 | D:2      | Gained mutation: You are occasionally teleported next to
                  | monsters. [potion of mutation]
  2523 | D:2      | Gained mutation: Your mind is acute. (Int +2) [potion of
                  | mutation]
  2523 | D:2      | Mangled by a worm

Skill      XL: |  1  2 |
---------------+-------+-----
Transmutations | 2 |  2.5
Spellcasting   | 2 |  2.1
Fighting       | |  1.0
Slings         | |  0.2
Dodging        | |  1.7
Unarmed Combat | |  3.7

Action                   |  1- 3 |  4- 6 || total
-------------------------+-------+-------++-------
Melee: Unarmed           |   105 |     4 ||   109
       Kick              |    13 |     1 ||    14
       Headbutt          |     8 |     1 ||     9
       Punch             |     2 |       ||     2
       Hunting sling     |    18 |       ||    18
 Fire: Hunting sling     |    13 |    31 ||    44
Throw: Javelin           |     6 |       ||     6
 Cast: Beastly Appendage |    23 |     1 ||    24
  Use: Scroll            |     3 |       ||     3
       Potion            |     1 |     1 ||     2
  Eat: Ration            |     2 |       ||     2
Armor: Robe              |    54 |     4 ||    58
Dodge: Dodged            |    92 |    10 ||   102
